 Dungeon Crawl Stone Soup version 0.32-a0-921-g04a7ad8e02 (webtiles) character file.

Game seed: 2348540692458995545

425 Autsider the Chopper (level 7, -2/56 HPs)
             Began as a Formicid Fighter on Apr 11, 2024.
             Incinerated by a bombardier beetle (5 damage)
             ... with a burning spray
             ... on level 4 of the Dungeon.
             The game lasted 00:09:05 (3138 turns).

Autsider the Chopper (Formicid Fighter)             Turns: 3138, Time: 00:09:05

Health: -2/56      AC: 13    Str: 23    XL:     7   Next: 18%
Magic:  7/7        EV:  5    Int:  7    God:
Gold:   219        SH:  4    Dex: 13    Spells: 6/6 levels left

rFire   . . .        a - +0 war axe
rCold   + . .        c - +0 buckler
rNeg    . . .        r - +0 plate armour
rPois   .            (helmet unavailable)
rElec   .            (no cloak)
rCorr   .            s - +0 pair of gloves
SInv    +            (no boots)
Will    .....        (no amulet) Stlth
                     v - ring of protection from cold
HPRegen 0.29/turn    (no ring)
MPRegen 0.10/turn

%: no passive effects
@: on fire, glowing
A: permanent stasis, dig shafts and tunnels, antennae 3, four strong arms
a: Dig, Shaft Self


You were on level 4 of the Dungeon.
You visited 1 branch of the dungeon, and saw 4 of its levels.

You collected 219 gold pieces.

Inventory:

Hand Weapons
 a - a +0 war axe (weapon)
Missiles
 g - 8 poisoned darts (quivered)
 h - 5 darts of dispersal
 i - 2 throwing nets
Armour
 b - a +0 scale mail
 c - a +0 buckler (worn)
 r - a +0 plate armour (worn)
 s - a +0 pair of gloves (worn)
Jewellery
 t - an amulet of faith
 v - a ring of protection from cold (left hand)
Wands
 u - a wand of charming (12)
Scrolls
 e - 2 scrolls of teleportation
 q - a scroll of vulnerability
Potions
 d - a potion of might
 f - 2 potions of degeneration
 j - a potion of haste
 k - a potion of ambrosia {unknown}
 l - 2 potions of invisibility {unknown}
 m - a potion of curing {unknown}
 n - a potion of lignification {unknown}
 o - a potion of brilliance {unknown}
 p - 2 potions of heal wounds {unknown}


   Skills:
 - Level 5.0 Fighting
 * Level 5.4 Axes
 + Level 4.3 Armour
 - Level 2.0 Stealth
 - Level 4.0 Shields


You had 6 spell levels left.
You didn't know any spells.
Your spell library contained the following spells:

 Spells                   Type           Power      Damage    Failure   Level
 Shock                    Conj/Air       0%         1d3       100%        1
 Slow                     Hex            0%         N/A       100%        1
 Sublimation of Blood     Necr           0%         N/A       100%        2
 Confusing Touch          Hex            0%         N/A       100%        3
 Vampiric Draining        Necr           0%         2d6       100%        3
 Airstrike                Air            0%         2d(0-16)  100%        4
 Petrify                  Alch/Erth      0%         N/A       100%        4
 Irradiate                Conj/Alch      0%         3d11      100%        5
 Swiftness                Air            Unusable   N/A       N/A         3

Dungeon Overview and Level Annotations

Branches:
Dungeon (4/15)             Temple (0/1) D:4

Altars:
Dithmenos
Hepliaklqana
Kikubaaqudgha
Okawaru
Wu Jian
Xom
Yredelemnul

Shops:
D:1 (

Annotations:
D:4 1 transporter


Innate Abilities, Weirdness & Mutations

You cannot be hasted, slowed, berserked, paralysed or teleported.
You can dig through walls and to a lower floor.
You have a pair of large antennae on your head. (SInv)
Your four strong arms can wield two-handed weapons with a shield.


Message History

You hit the bombardier beetle.
The bombardier beetle is almost dead.
You barely miss the ribbon worm. The liquid fire burns you!
* * * LOW HITPOINT WARNING * * *
The ribbon worm expels a string of sticky webbing.
The stream of webbing hits you but does no damage.
You are caught in a web!
The bombardier beetle bites you.
* * * LOW HITPOINT WARNING * * *
The web tears apart.
The liquid fire burns you!
* * * LOW HITPOINT WARNING * * *
The ribbon worm bites you but does no damage.
The bombardier beetle sprays incendiary fluid at you.
The burning spray hits you.
You are even more covered in liquid fire!
You hit the bombardier beetle but do no damage.
The bombardier beetle is almost dead.
You hit the ribbon worm but do no damage.
The liquid fire burns you!
* * * LOW HITPOINT WARNING * * *
The ribbon worm bites you.
* * * LOW HITPOINT WARNING * * *
You slash the bombardier beetle!
You kill the bombardier beetle!
You slash the ribbon worm!
You hear the brisk rusting of a drain very nearby.
The liquid fire burns you!
* * * LOW HITPOINT WARNING * * *
The ribbon worm bites you but does no damage.
Okay, then.
Okay, then.
Okay, then.
You shake off some of the fire as you move.
The liquid fire burns you!
* * * LOW HITPOINT WARNING * * *
It was a potion of haste.
Your stasis prevents you from being hasted.
The liquid fire burns you!
You die...

#...### +##
#...###...###..~§§...#
#..........+..~~§~~..#
#.)........ .~§~§~~~+##
###)#####+####~§§>§§~..#
#.............~~~~§~~..#
#..............~~§~~...#
#...............~§~....#
#..............@.[......
###########....w.####+#
..... #.#....# ....
#....~~# #... #...~~~#
#... ##...#~# #...
#..~~~# #... #..~#~#
#...## ..~~~~#{{ #.....


You could see a ribbon worm.

Vanquished Creatures
  A scorpion (D:4)
  2 bombardier beetles
  A jelly (D:4)
  A hound (D:4)
  A sleepcap (D:4)
  Jessica (D:2)
  An orc wizard (D:4)
  3 gnolls (D:2)
  4 adders
  A ribbon worm (D:4)
  2 dart slugs
  3 orcs (D:4)
  5 bats
  8 endoplasms
  10 giant cockroaches
  3 goblins
  6 hobgoblins
  2 jackals (D:2)
  6 quokkas
  6 ball pythons
  3 frilled lizards
  11 kobolds
  6 rats
87 creatures vanquished.

Notes
Turn   | Place    | Note
-------+----------+-------------------------------------------
     0 | D:1      | Autsider the Formicid Fighter began the quest for the Orb.
     0 | D:1      | Reached XP level 1. HP: 18/18 MP: 1/1
   123 | D:1      | Reached XP level 2. HP: 11/24 MP: 2/2
   246 | D:1      | Found Plog's Weapon Shoppe.
   435 | D:1      | Reached XP level 3. HP: 30/30 MP: 3/3
   896 | D:2      | Found a faded altar of an unknown god.
   946 | D:2      | Reached XP level 4. HP: 16/35 MP: 4/4
   954 | D:2      | Noticed Jessica
  1053 | D:2      | Killed Jessica
  1095 | D:2      | Reached XP level 5. HP: 43/43 MP: 5/5
  1430 | D:2      | Reached skill level 5 in Fighting
  1523 | D:2      | Found a shimmering altar of Xom.
  2233 | D:3      | Reached skill level 1 in Stealth
  2700 | D:3      | Reached XP level 6. HP: 50/51 MP: 6/6
  2835 | D:4      | Found a transporter.
  2838 | D:4      | Noticed an ice beast
  2838 | D:4      | Noticed an ice beast
  2936 | D:4      | Found an ornate altar of the Wu Jian Council.
  2995 | D:4      | Reached skill level 5 in Axes
  3020 | D:4      | Found an iron altar of Okawaru.
  3021 | D:4      | Found a hazy altar of Hepliaklqana.
  3023 | D:4      | Found a basalt altar of Yredelemnul.
  3025 | D:4      | Found a shadowy altar of Dithmenos.
  3026 | D:4      | Found an ancient bone altar of Kikubaaqudgha.
  3104 | D:4      | Reached XP level 7. HP: 49/56 MP: 7/7
  3114 | D:4      | Found a staircase to the Ecumenical Temple.
  3138 | D:4      | Incinerated by a bombardier beetle

Illustrated notes

Levels and vault maps discovered:
D:1:      eino_arrival_cavern_a, layout_loops_ring, serial_shops,
          nicolae_shop_statue_plus
D:2:      layout_basic, shapermc_ecumenical_altar_gd, basic_altar,
          nicolae_figureground_sparkle, uniq_jessica
D:3:      layout_rooms, grunt_ministairs_12
D:4:      gammafunk_cloud_chamber, layout_gridville,
          mainiacjoe_overflow_brackets, grunt_temple_overflow_open,
          minmay_temple_entry_mist, ebering_ghost_disaster_area,
          lightli_sewer_entry_pipes, serial_glass, glass_columns_b,
          glass_columns_c

Skill      XL: |  1  2  3  4  5  6 |
---------------+-------------------+-----
Fighting       | 4 5 |  5.0
Axes           | 3 4 5 |  5.4
Stealth        | 1 2 |  2.0
Armour         | 4 |  4.3
Shields        | |  4.0

Action                     |  1- 3 |  4- 6 |  7- 9 || total
---------------------------+-------+-------+-------++-------
  Melee: War axe           |    75 |   179 |    12 ||   266
  Throw: Dart              |       |     8 |       ||     8
Ability: Dig               |     1 |       |       ||     1
    Use: Scroll            |       |     5 |       ||     5
         Potion            |       |       |     1 ||     1
 Armour: Scale mail        |    58 |    35 |       ||    93
         Plate armour      |       |    91 |     8 ||    99
  Dodge: Dodged            |    19 |    55 |     1 ||    75
  Block: Buckler           |    25 |    48 |     4 ||    77

Table legend: (Time is in decaauts)
 A = Elapsed time spent in this place.
 B = Non-inter-level travel time spent in this place.
 C = Inter-level travel time spent in this place.
 D = Time resting spent in this place.
 E = Time spent auto-exploring this place.
 F = Levels seen in this place.
 G = Mean time per level.
                   A        B        C        D        E       F      G
               +--------+--------+--------+--------+--------+-----+--------+
         Total |   3232 |   2989 |    243 |    289 |   1741 |   4 |  808.0 |
       Dungeon |   3232 |   2989 |    243 |    289 |   1741 |   4 |  808.0 |
               +--------+--------+--------+--------+--------+-----+--------+

Top non-repeatable levels by time:
     D:2: 1137 daAuts
     D:1: 914 daAuts
     D:3: 782 daAuts
     D:4: 397 daAuts
